 Dungeon Crawl Stone Soup version 0.29-a0-901-g46a8461d6a (webtiles) character file.

Game seed: 15903592646980515699

741 leavemydog the Cleaver (level 7, -1/90 HPs)
             Began as a Hill Orc Fighter on July 23, 2022.
             Slain by a fire bat (3 damage)
             ... on level 5 of the Dungeon.
             The game lasted 00:09:06 (5580 turns).

leavemydog the Cleaver (Hill Orc Fighter)           Turns: 5580, Time: 00:09:06

Health: -1/90      AC: 23    Str: 21    XL:     7   Next: 75%
Magic:  7/7        EV:  2    Int:  8    God:
Gold:   261        SH:  4    Dex: 10    Spells: 6/6 levels left

rFire   + . .      SeeInvis .   a - +0 war axe
rCold   + . .      Faith    .   c - +0 buckler
rNeg    . . .      Spirit   .   (body armour currently unavailable)
rPois   +          Reflect  .   (helmet currently unavailable)
rElec   +          Harm     .   (cloak currently unavailable)
rCorr   +          Rampage  .   (gloves currently unavailable)
Will    .....      NoTele   +   (boots currently unavailable)
Stlth   +.........              h - amulet of the acrobat
HPRegen 0.25/turn               (no ring)
MPRegen 0.10/turn               (no ring)

@: mighty, tree-form, resistant
A: stationary, stasis, torment immunity, boosted hp
a: no special abilities


You were on level 5 of the Dungeon.
You were a tree.
You visited 1 branch of the dungeon, and saw 5 of its levels.

You collected 261 gold pieces.

Inventory:

Hand Weapons
 a - a +0 war axe (weapon)
Armour
 c - a +0 buckler (worn)
 r - a +2 cloak (melded)
 s - the +4 ring mail of Wujiupyrph (melded) {Dex+2}
   (You found it on level 3 of the Dungeon)

   Dex:       It affects your dexterity (+2).
 x - a +1 chain mail of poison resistance
 B - a +2 scale mail of willpower
Jewellery
 h - an amulet of the acrobat (around neck)
 t - an amulet of reflection
Wands
 w - a wand of flame (11)
Scrolls
 b - 2 scrolls of enchant weapon {unknown}
 k - a scroll of amnesia {unknown}
 m - 2 scrolls of teleportation {unknown}
 n - a scroll of fog {unknown}
 q - a scroll of enchant armour {unknown}
 u - a scroll of blinking {unknown}
 v - a scroll of fear {unknown}
 y - a scroll of vulnerability {unknown}
 C - a scroll of identify
Potions
 d - 2 potions of might
 e - a potion of cancellation {unknown}
 g - a potion of haste {unknown}
 i - 3 potions of attraction
 j - a potion of flight {unknown}
 l - a potion of ambrosia {unknown}
 o - 2 potions of lignification
 p - 3 potions of mutation {unknown}
 z - 2 potions of brilliance
 A - a potion of invisibility {unknown}


   Skills:
 + Level 4.9 Fighting
 * Level 8.6 Axes
 + Level 5.3 Armour
 + Level 4.3 Shields


You had 6 spell levels left.
You didn't know any spells.
Your spell library contained the following spells:

 Spells                   Type           Power      Damage    Failure   Level
 Ensorcelled Hibernation  Hex/Ice        0%         N/A       63%         2
 Spider Form              Tmut/Pois      0%         N/A       86%         3
 Anguish                  Hex/Necr       0%         N/A       99%         4


Dungeon Overview and Level Annotations

Branches:
Dungeon (5/15)
 Temple: D:4-7

Altars:
Elyvilon
Gozag
Kikubaaqudgha
Nemelex Xobeh
Trog
Uskayaw
Xom
Zin

Shops:
D:4 *   D:5 *

Annotations:
D:3 3 runed translucent doors, Tenar's ghost, amateur DsEE


Message History

The fire bat bites you but does no damage.
The fire bat completely misses you. x2
The fire bat completely misses you. The fire bat misses you.
The fire bat completely misses you. The fire bat barely misses you.
The fire bat completely misses you. The fire bat attacks as you move away!
The fire bat bites you but does no damage.
You block the fire bat's attack. The fire bat bites you.
* * * LOW HITPOINT WARNING * * *
You are engulfed in flames.
You resist.
* * * LOW HITPOINT WARNING * * *
The fire bat misses you. x2
The fire bat completely misses you. The fire bat attacks as you move away!
The fire bat closely misses you. The fire bat misses you.
You block the fire bat's attack. The fire bat attacks as you move away!
The fire bat misses you. x2
The fire bat attacks as you move away! The fire bat closely misses you.
The fire bat attacks as you move away! The fire bat completely misses you. x2
The fire bat closely misses you. The fire bat attacks as you move away!
The fire bat bites you.
* * * LOW HITPOINT WARNING * * *
You are engulfed in flames.
You resist.
* * * LOW HITPOINT WARNING * * *
You block the fire bat's attack. The fire bat completely misses you.
The fire bat attacks as you move away!
The fire bat bites you but does no damage.
You block the fire bat's attack. You block the fire bat's attack.
The fire bat attacks as you move away! You block the fire bat's attack.
The fire bat bites you but does no damage. x2
The fire bat completely misses you.
It was a potion of lignification.
You turn into a tree.
Your +2 cloak melds into your body.
The +4 ring mail of Wujiupyrph {Dex+2} melds into your body.
Your roots penetrate the ground.
The fire bat bites you but does no damage.
The fire bat bites you.
* * * LOW HITPOINT WARNING * * *
You are engulfed in flames.
You resist.
You die...

....#.....÷.....##....###########
......#...♣...#........#...#..©..
§≈.§.##.♣♣♣..###.................
...≈.##......###........#..b...##
.≈.≈.##.#.....##........##.....##
.§.≈.##...#.......b....####...##.
.≈.≈..###.###..###.......##...#).
...≈............###.....####.....
≈≈.≈.#..........♣b......#..#..##.
.....###.....##..b.........##.#..
#######.<....##.##.∩....._.#.....
#.....###....####.(..###...
##...........##...#..###...
##...............####.....
####.....#.......#......#...
#PP.≈P...........#...###....
#.≈≈≈................##.....


You could see 2 fire bats.

Vanquished Creatures
  Edmund (D:5)
  A water moccasin (D:5)
  An ogre (D:5)
  A centaur (D:5)
  A quasit (D:5)
  Crazy Yiuf (D:3)
  Ijyb (D:4)
  2 orc wizards (D:4)
  Terence (D:2)
  4 gnolls
  4 adders
  2 shadow imps (D:5)
  2 white imps (D:5)
  4 ufetubi (D:5)
  A worm (D:2)
  2 dart slugs
  6 orcs
  3 bats
  3 endoplasms
  3 giant cockroaches
  5 goblins
  6 hobgoblins
  6 quokkas
  6 ball pythons
  4 frilled lizards
  6 kobolds
  6 rats
83 creatures vanquished.

Vanquished Creatures (others)
  4 demonic plants (D:5)
  A fungus (D:3)
  2 plants (D:3)
7 creatures vanquished.

Grand Total: 90 creatures vanquished

Notes
Turn   | Place    | Note
-------+----------+-------------------------------------------
     0 | D:1      | leavemydog the Hill Orc Fighter began the quest for the
                  | Orb.
     0 | D:1      | Reached XP level 1. HP: 19/19 MP: 1/1
   345 | D:1      | Reached skill level 3 in Axes
   345 | D:1      | Reached XP level 2. HP: 27/27 MP: 2/2
   986 | D:2      | Reached XP level 3. HP: 8/33 MP: 3/3
  1357 | D:2      | Reached skill level 4 in Axes
  1687 | D:2      | Reached XP level 4. HP: 40/40 MP: 4/4
  1835 | D:2      | Noticed Terence
  1846 | D:2      | Killed Terence
  2666 | D:3      | Found a white marble altar of Elyvilon.
  2689 | D:3      | Reached skill level 5 in Axes
  2844 | D:3      | Found a runed translucent door.
  2845 | D:3      | Noticed Crazy Yiuf
  2853 | D:3      | Killed Crazy Yiuf
  2854 | D:3      | Reached XP level 5. HP: 41/46 MP: 5/5
  3609 | D:3      | Identified the +4 ring mail of Wujiupyrph {Dex+2}
  3694 | D:3      | Found a faded altar of an unknown god.
  3730 | D:3      | Found a runed translucent gate.
  3730 | D:3      | Found a runed translucent gate.
  3730 | D:3      | Found a runed translucent gate.
  3735 | D:3      | Noticed Tenar's ghost (amateur DsEE)
  3974 | D:4      | Found Seegy's General Store.
  4087 | D:4      | Found an opulent altar of Gozag.
  4154 | D:4      | Reached skill level 6 in Axes
  4156 | D:4      | Reached XP level 6. HP: 43/53 MP: 6/6
  4276 | D:4      | Found an ancient bone altar of Kikubaaqudgha.
  4392 | D:4      | Noticed Ijyb
  4401 | D:4      | Killed Ijyb
  4529 | D:5      | Entered Level 5 of the Dungeon
  4539 | D:5      | Found a shimmering altar of Xom.
  4539 | D:5      | Noticed an angel
  4549 | D:5      | Found a glowing silver altar of Zin.
  4748 | D:5      | Found Loxzos's Assorted Antiques.
  4754 | D:5      | Noticed a water moccasin
  4767 | D:5      | Killed a water moccasin
  4768 | D:5      | Reached skill level 7 in Axes
  4813 | D:5      | Found a sparkling altar of Nemelex Xobeh.
  4817 | D:5      | Reached XP level 7. HP: 60/60 MP: 7/7
  4849 | D:5      | Found a bloodstained altar of Trog.
  4899 | D:5      | Found a hide-covered altar of Uskayaw.
  4952 | D:5      | Found a transporter.
  4963 | D:5      | Reached skill level 5 in Armour
  5045 | D:5      | Noticed a fire bat
  5045 | D:5      | Noticed a fire bat
  5162 | D:5      | Noticed Edmund
  5173 | D:5      | Reached skill level 8 in Axes
  5187 | D:5      | Killed Edmund
  5522 | D:5      | Found a transporter.
  5576 | D:5      | HP: 1/60 [fire bat (4)]
  5580 | D:5      | Slain by a fire bat

Illustrated notes

Levels and vault maps discovered:
D:1:      lightli_arrival_maybe_door_vault, layout_basic,
          hangedman_decor_opposing
D:2:      kennysheep_six_static_rooms, layout_loops_cross, uniq_terence
D:3:      layout_basic, elyvilon_altar_4, gammafunk_ghost_necromancy,
          shapermc_ecumenical_altar_mp_ritualfount, uniq_crazy_yiuf_cottage
D:4:      layout_gridville, nicolae_gozag_seed_capital, kiku_gazebo_pond_becter,
          serial_shops, shop, uniq_ijyb
D:5:      gammafunk_cloud_chamber, layout_cave_pools,
          grunt_temple_overflow_order_and_chaos_1, mainiacjoe_overflow_alcove_1,
          mainiacjoe_overflow_cross_hatched, amcnicky_altar_gilded,
          serial_shops, shop, serial_demonic, serial_demonic_a,
          serial_demonic_f, serial_demonic_a, serial_demonic_e,
          serial_demonic_e, serial_demonic_c, serial_demonic_g, uniq_edmund

Skill      XL: |  1  2  3  4  5  6  7 |
---------------+----------------------+-----
Axes           | 3 4 5 6 7 8 |  8.6
Fighting       | 4 |  4.9
Armour         | 4 5 |  5.3
Shields        | 4 |  4.3

Action                   |  1- 3 |  4- 6 |  7- 9 || total
-------------------------+-------+-------+-------++-------
Melee: War axe           |    82 |   137 |    49 ||   268
  Use: Scroll            |       |     3 |       ||     3
       Potion            |       |     1 |     4 ||     5
Armor: Scale mail        |    38 |    22 |       ||    60
       Ring mail         |       |    28 |    47 ||    75
       Skin              |       |       |     1 ||     1
Dodge: Dodged            |    51 |    88 |    75 ||   214
Block: Buckler           |    27 |    43 |    24 ||    94

Table legend: (Time is in decaauts)
 A = Elapsed time spent in this place.
 B = Non-inter-level travel time spent in this place.
 C = Inter-level travel time spent in this place.
 D = Time resting spent in this place.
 E = Time spent auto-exploring this place.
 F = Levels seen in this place.
 G = Mean time per level.
                   A        B        C        D        E       F      G
               +--------+--------+--------+--------+--------+-----+--------+
         Total |   5656 |   5593 |     63 |   1671 |   3029 |   5 | 1131.2 |
       Dungeon |   5656 |   5593 |     63 |   1671 |   3029 |   5 | 1131.2 |
               +--------+--------+--------+--------+--------+-----+--------+

Top non-repeatable levels by time:
     D:3: 1541 daAuts
     D:2: 1425 daAuts
     D:5: 1062 daAuts
     D:1: 966 daAuts
     D:4: 660 daAuts
